[Event "Czech Championship 2024"]
[Site "Ostrava"]
[Date "2024.05.03"]
[Round "7.2"]
[White "Finek, Vaclav"]
[Black "Nemec, Jachym"]
[Result "1-0"]
[ECO "E11"]
[WhiteElo "2431"]
[BlackElo "2416"]
[Annotator "TA"]
[PlyCount "157"]
[EventDate "2024.04.25"]
[EventType "tourn"]
[EventCountry "CZE"]
[SourceTitle "playchess.com"]
[Source "ChessBase"]
[SourceQuality "1"]
[TimeControl "40/5400+30:1800+30"]

1. d4 d5 2. c4 e6 3. Nf3 Nf6 4. g3 Bb4+ 5. Bd2 Be7 6. Bg2 O-O 7. O-O c6 8. Qc2 a5 9. Rc1 Nbd7 10. a4 Ne4 {[%emt 0:06:02] The position is equal.} 11. Ne1 f5 12. Nd3 Bd6 13. Bf4 Be7 14. Bd2 Bd6 15. Be1 Qe7 16. e3 b6 17. cxd5 cxd5 18. Na3 Bxa3 19. Rxa3 Ba6 20. Qd1 Rac8 21. Raa1 Rfd8 22. b4 axb4 23. Nxb4 Bc4 24. Rab1 Qd6 25. Nc2 Nb8 26. Bb4 Qd7 27. Na3 Ba6 $1 28. Be1 Rxc1 29. Rxc1 Rc8 {[%emt 0:00:41] [#]} 30. Nb5 $1 Rxc1 31. Qxc1 Bxb5 32. axb5 Nd6 33. Bf1 Kf7 34. Qb1 Qc7 35. Bb4 Nc4 (35... h6 $11) 36. Qd1 g6 {[%emt 0:01:17] Prevents Qh5.} 37. Qa4 (37. e4 $16 {aiming for Qf3.} fxe4 38. Qg4) 37... Na5 38. Qa3 Nd7 39. Bd6 Qc2 (39... Qc8 $14) 40. Bf4 $1 $16 {[%emt 0:00:36] And now Bg5 would win. A strong pair of Bishops.} Qc8 41. Qd6 Qd8 42. h4 {[%emt 0:02:30] White has more active pieces.} (42. Bd3 $16) 42... Nb7 $1 $14 43. Qa3 Na5 $1 44. Qc3 Nf6 45. Bd3 Ne8 46. Qa3 Qe7 47. Qc1 Qd7 48. Kg2 h5 49. Qa3 Qe7 50. Qb2 Qd7 51. Qe2 (51. Qb4 $14) 51... Qc8 52. Qe1 Qd7 (52... Nf6 $1 $11) 53. f3 ({White should try} 53. Qc1 $14) 53... Qc8 {[%emt 0:02:26] [#]} 54. g4 hxg4 $11 55. fxg4 Nf6 56. gxf5 gxf5 57. Qe2 Ng4 58. Qc2 Nc4 59. Kf3 Kg6 60. Qa2 (60. e4 {with more complications.} dxe4+ 61. Bxe4 e5 62. dxe5 Ngxe5+ 63. Bxe5 fxe4+ 64. Qxe4+ Qf5+ 65. Qxf5+ Kxf5 66. Bd4) 60... Na5 {[%emt 0:00:36] [#]} (60... e5 $11 {remains equal.} 61. dxe5 Ncxe5+ 62. Bxe5 Nxe5+ 63. Ke2 Qe6) 61. Qc2 {[%emt 0:00:18] Dancing on a razor blade.} ({White should play} 61. Qa3 $1 $16 {[%cal Ra3e7] Black must now prevent Qe7.} Qd8 62. Bg5) 61... Nc4 62. Kg3 Nf6 63. Kh3 Kf7 64. Qa2 Na5 65. Qc2 (65. Qg2 {looks sharper.} Nc4 66. Be2 Qh8 67. Qg5) 65... Nc4 66. Qa2 Na5 67. Qg2 Qc1 $2 {[%emt 0:01:15][%mdl 8192] [#]} (67... Qh8 $11 {and Black is okay.}) 68. Be2 $2 (68. h5 $1 $18 {and the rest is easy. Threatening mate with Qg6+.} Nxh5 69. Bh6) 68... Ng4 $2 69. Bxg4 $18 fxg4+ 70. Kxg4 {[%emt 0:00:23][%mdl 4096] Endgame. Hoping for Kh5. KQB-KQN} ({Stronger than} 70. Qxg4 Qh1+ 71. Kg3 (71. Bh2 Qf1+ 72. Kg3 Qe1+ 73. Kg2 Qd2+ 74. Kh3 Qxe3+ 75. Qg3 Qxd4 $11) 71... Qg1+ 72. Kh3 (72. Kf3 Qd1+ 73. Kg3 Qg1+ 74. Kh3 Qh1+ 75. Bh2 Qf1+ 76. Kg3 Qe1+ 77. Kg2 Qd2+ 78. Kh1 Qe1+ 79. Bg1 Qf1 $11) 72... Qh1+ 73. Bh2 Qf1+ 74. Kg3 Qe1+ 75. Kg2 Qd2+ 76. Kh3 Qxe3+ 77. Bg3 Nc4 $11) 70... Nc4 $2 (70... Qb1 $18 71. h5 Qf5+ 72. Kh4 Nc4) 71. Kh5 Qb1 72. Kh6 {[%emt 0:00:30] White threatens Qg7+ and mate.} Qxb5 73. Qg7+ Ke8 74. Qg8+ Kd7 75. Qf7+ Kd8 76. Qxe6 (76. Qc7+ $142 Ke8 77. Bg5 Qb4 78. Kh7 Qb1+ 79. Kh8 (79. Kg7 Qg6+ 80. Kxg6 Ne5+ 81. dxe5 Kf8 82. Qf7#) 79... Qb4 80. Qd8+ Kf7 81. Qg8#) 76... Nd2 77. Qd6+ {[%emt 0:00:35] White mates.} Ke8 78. Bg5 Qd7 79. Qe5+ {[%emt 0:00:20] Weighted Error Value: White=0.14 (very precise) /Black=0.14 (very precise) .  Loses game:     	---       	Black=2      Missed win:     	White=1     	---        Mistake:       	White=6     	Black=5      Inaccurate:     	White=2     	Black=5      OK:         	White=8     	Black=29     Best:        	White=4     	Black=2      Strong:       	White=1     	Black=3} 1-0

[Event "Czech Championship 2024"]
[Site "Ostrava"]
[Date "2024.05.03"]
[Round "7.4"]
[White "Stocek, Jiri"]
[Black "Simacek, Pavel"]
[Result "1/2-1/2"]
[ECO "D23"]
[WhiteElo "2531"]
[BlackElo "2446"]
[Annotator "TA"]
[PlyCount "83"]
[EventDate "2024.04.25"]
[EventType "tourn"]
[EventCountry "CZE"]
[SourceTitle "playchess.com"]
[Source "ChessBase"]
[SourceQuality "1"]
[TimeControl "40/5400+30:1800+30"]

1. d4 d5 2. Nf3 Nf6 3. c4 e6 4. Nc3 dxc4 5. Qa4+ Nbd7 6. e4 Be7 7. Bxc4 O-O 8. Qc2 c5 9. e5 {[%emt 0:16:51] White is slightly better.} Nd5 10. Bxd5 exd5 11. O-O cxd4 12. Nb5 d3 13. Qxd3 Nc5 14. Qe2 a6 15. Nbd4 Bg4 16. h3 Bh5 17. Be3 Qd7 18. Rac1 Rac8 19. Rfd1 Rfe8 20. Rc3 Ne4 21. Rxc8 Rxc8 22. Qf1 Bc5 23. Qd3 Bg6 {[%emt 0:13:21][%cal Oe4f2] Hoping for ...Nxf2!} 24. Qb3 h6 {[%emt 0:01:20] [#]} 25. e6 $1 fxe6 {[%emt 0:01:07] ...Bd6 would now be deadly.} (25... Qd6 26. Nh4) 26. Ne5 $1 {[%emt 0:00:08][%csl LRd7,LRg6] Excellent horsemanship.} Qe8 27. Qxb7 Rb8 28. Qxa6 {[%emt 0:00:20] White has more active pieces.} Bd6 (28... Rxb2 $14 29. Nd3 Bxd4 30. Bxd4 Rc2) 29. Nxg6 $16 Qxg6 30. Nb5 (30. b3 $16) 30... Bc5 $1 $11 {[%emt 0:01:22] The position is equal.} 31. Bxc5 Nxc5 32. Qc6 Nd3 {[%emt 0:00:18][%cal Od3f4] [#] Threatens to win with ...Nf4!} 33. Qc2 Rxb5 34. Rxd3 {[%emt 0:00:20] Strongly threatening Qc8+.} (34. Qxd3 Qxd3 35. Rxd3 Rxb2) 34... Rxb2 $1 35. Qxb2 Qxd3 {[%emt 0:00:07][%mdl 4096] Endgame. KQ-KQ} 36. Qe5 Qb1+ 37. Kh2 Qxa2 38. Qxe6+ Kh8 39. Qc8+ Kh7 40. Qf5+ Kg8 41. Qe6+ Kh8 42. Qc8+ {[%emt 0:00:19] Weighted Error Value: White=0.08 (flawless) /Black=0.06 (flawless) .  Mistake:       	White=1     	Black=1      Inaccurate:     	---       	Black=1      OK:         	White=19    	Black=16     Best:        	White=4     	Black=2      Strong:       	---       	Black=2} 1/2-1/2

[Event "Czech Championship 2024"]
[Site "Ostrava"]
[Date "2024.05.03"]
[Round "7.5"]
[White "Kraus, Tomas"]
[Black "Navara, David"]
[Result "0-1"]
[ECO "C47"]
[WhiteElo "2488"]
[BlackElo "2678"]
[Annotator "TA"]
[PlyCount "107"]
[EventDate "2024.04.25"]
[EventType "tourn"]
[EventCountry "CZE"]
[SourceTitle "playchess.com"]
[Source "ChessBase"]
[SourceQuality "1"]
[TimeControl "40/5400+30:1800+30"]

1. e4 e5 2. Nf3 Nc6 3. Nc3 Nf6 4. d4 exd4 5. Nxd4 Bb4 6. Nxc6 bxc6 7. Bd3 d5 8. Bd2 O-O 9. O-O Rb8 {[%emt 0:05:35] C47: Scotch Four Knights and Four Knights with 4 g3.} 10. Re1 Re8 {[%emt 0:00:24] 10...Bg4 is the fancy move.} 11. h3 dxe4 12. Bxe4 Bxh3 $146 ({Predecessor:} 12... Nxe4 13. Nxe4 Bxd2 14. Qxd2 Bf5 15. Qf4 Bxe4 16. Rxe4 Rxe4 17. Qxe4 Rxb2 18. Qxc6 {½-½ Binas,J (2328)-Adams,J (2329) CZE-ch16 Morava01 email 2016}) 13. Bxc6 Bd7 14. Bf3 Bf5 15. Rxe8+ Qxe8 16. Be3 Bxc3 17. bxc3 Rd8 18. Qb1 Be4 19. Bxe4 $1 Nxe4 20. Qb7 Nxc3 21. Re1 Qe5 (21... Nxa2 $2 22. Qb3 $18) (21... Nd5 {simplifies} 22. Qxa7 Nxe3 23. Qxe3 Qxe3 24. Rxe3 g6) 22. Qxa7 h6 23. Qa6 (23. a4 $11) 23... Qd5 24. Bf4 Ra8 ({But not} 24... Qxa2 25. Qxa2 Nxa2 26. Bxc7 $11) 25. Qd3 Qxd3 26. cxd3 Nd5 27. Bg3 Rxa2 28. Rc1 Rd2 29. Bxc7 Rxd3 30. Rc2 Kh7 31. Ba5 Ra3 32. Bd2 f6 33. g4 g5 34. Kg2 Kg6 35. f3 h5 36. gxh5+ Kxh5 37. Kf2 Kg6 38. Rc5 Ne7 39. Rc3 Ra2 40. Rd3 Nf5 41. Ke2 Nh4 42. Kf2 f5 43. Ke2 f4 44. Rd6+ Kh5 45. Rd5 Rb2 46. Rd8 Ng6 47. Kd3 Rb3+ 48. Ke4 (48. Ke2 $1 $15) 48... Nh4 49. Rf8 $2 {[%emt 0:09:24] [#]} (49. Rh8+ $17 Kg6 50. Rg8+ Kf6 51. Rc8) 49... Ra3 $1 $19 ({Less strong is} 49... Nxf3 50. Bxf4 gxf4 51. Kxf4 $15) 50. Rh8+ Kg6 51. Rb8 $2 (51. Rg8+ {was the crucial defense.} Kf6 52. Rb8) 51... Rxf3 $19 ({Weaker is} 51... Nxf3 52. Bxf4 gxf4 53. Kxf4 $15) 52. Rb6+ Kh5 53. Rf6 Kg4 54. Kd4 0-1

[Event "Czech Championship 2024"]
[Site "Ostrava"]
[Date "2024.05.04"]
[Round "8.1"]
[White "Hrbek, Stepan"]
[Black "Navara, David"]
[Result "0-1"]
[ECO "E24"]
[WhiteElo "2407"]
[BlackElo "2678"]
[Annotator "TA"]
[PlyCount "96"]
[EventDate "2024.04.25"]
[EventType "tourn"]
[EventCountry "CZE"]
[SourceTitle "playchess.com"]
[Source "ChessBase"]
[SourceQuality "1"]
[TimeControl "40/5400+30:1800+30"]

1. d4 Nf6 2. c4 e6 3. Nc3 Bb4 4. a3 Bxc3+ 5. bxc3 c5 6. f3 Nc6 7. e4 d6 8. Ne2 b6 9. Bg5 h6 10. Bh4 {[%emt 0:00:24] The position is equal.} Bb7 11. Nc1 g5 12. Bf2 Qc7 (12... Nh5 $11) 13. h4 (13. Nb3 $14) 13... O-O-O 14. hxg5 hxg5 15. Rxh8 Rxh8 16. Qd2 g4 17. Nb3 Ba6 {[%emt 0:05:02] Strongly threatening ...Rh1.} 18. Qg5 Qe7 19. Bh4 Ng8 20. Qxe7 (20. Qxg4 $2 Qxh4+ 21. Qxh4 Rxh4 $19) (20. fxg4 $2 f6 21. Qg6 Qf8 $19) 20... Ngxe7 21. Bg3 gxf3 22. Bxd6 fxg2 23. Bxg2 cxd4 24. Bxe7 (24. Nxd4 Bxc4 25. O-O-O e5 $17) 24... Nxe7 25. cxd4 Ng6 26. Bf1 Rh2 27. O-O-O Nf4 28. Rd2 Rh1 29. Rd1 f6 30. Kd2 e5 31. d5 {[%emt 0:00:37] Inhibits Ne6.} Kd7 32. Kc3 Kd6 33. Kb4 {[%emt 0:01:59] [#]} ({White should play} 33. a4 $11) 33... f5 {[%emt 0:01:48] Black is more active.} 34. exf5 $11 {[%emt 0:02:04] [#]} Rxf1 $1 35. Rxf1 Nxd5+ {[%emt 0:00:04][%mdl 4096] Endgame. KRN-KBN} 36. Ka4 {[%emt 0:01:42] Hoping for Nd2.} Bxc4 37. Rf3 $2 {[%emt 0:01:12][%mdl 8192] Loses the game.} (37. Rg1 $15) 37... e4 $19 38. Rh3 {[%emt 0:00:16] [#]} e3 $1 39. Nd4 a5 40. Rh6+ Ke5 41. Nb5 {[%emt 0:13:33] Inhibits Nc3+.} e2 (41... Kxf5 42. Nd6+ Kg5 43. Nxc4 $11 (43. Nf7+ Kf5 $11)) 42. Re6+ Kf4 {[%emt 0:00:08] ( -> ...Bxb5+)} 43. f6 Bxb5+ {[%emt 0:01:16] Black mates.} 44. Kb3 {[%emt 0:00:06] [#]} Nxf6 $1 45. Rxf6+ Ke5 46. Rf7 Kd6 ({Not} 46... e1=R 47. Re7+ Kd6 48. Rxe1 $11) 47. Rf6+ Ke7 48. Rxb6 Bd7 {[%emt 0:00:09] Weighted Error Value: White=0.56/Black=0.09 (flawless) .  Loses game:     	White=1     	---        Mistake:       	White=2     	Black=2      Inaccurate:     	White=3     	Black=2      OK:         	White=14    	Black=6      Best:        	White=1     	Black=2} ({And not} 48... e1=R 49. Rxb5 Rb1+ 50. Ka4 Rxb5 51. Kxb5 $11) 0-1

[Event "Czech Championship 2024"]
[Site "Ostrava"]
[Date "2024.05.04"]
[Round "8.2"]
[White "Simacek, Pavel"]
[Black "Kraus, Tomas"]
[Result "1-0"]
[ECO "B33"]
[WhiteElo "2446"]
[BlackElo "2488"]
[Annotator "TA"]
[PlyCount "179"]
[EventDate "2024.04.25"]
[EventType "tourn"]
[EventCountry "CZE"]
[SourceTitle "playchess.com"]
[Source "ChessBase"]
[SourceQuality "1"]
[TimeControl "40/5400+30:1800+30"]

1. e4 c5 2. Nf3 Nc6 3. d4 cxd4 4. Nxd4 e5 5. Nb5 d6 6. N1c3 a6 7. Na3 b5 8. Nd5 Nf6 9. Bg5 Be7 10. Bxf6 Bxf6 11. c3 O-O 12. Nc2 Rb8 13. h4 g6 14. g3 Bg7 15. h5 Ne7 16. Nce3 {[%emt 0:00:36] White has an edge.} Nxd5 17. Nxd5 Bb7 18. Qd3 Rc8 19. Bg2 Rc5 20. h6 Bh8 21. b4 Rc8 22. O-O Bf6 23. a4 bxa4 24. Bh3 Ra8 25. Rxa4 Bg5 26. Rd1 Bxh6 27. c4 Bg5 28. Ra2 Rb8 29. Qc3 {[%emt 0:08:00][%mdl 1024] White has compensation.} Qe8 30. Rc2 Qc6 31. c5 Rfd8 (31... Rfe8 $5) 32. f4 exf4 33. gxf4 Bh4 34. Bg2 $36 {[%emt 0:03:13][%mdl 2048] White is pushing.} dxc5 35. Qh3 Qa4 36. Rcd2 Rxd5 $1 37. exd5 Be7 (37... Bf6 $1 $11 38. bxc5 Bc8) 38. d6 (38. Qe3 $18 Bd6 39. bxc5 Bxf4 40. Qd4 Qxd4+ 41. Rxd4) 38... Bxg2 $16 39. Qxg2 Bxd6 (39... Bf6 {might work better.}) 40. Rxd6 $18 {[%emt 0:00:12] Strongly threatening Rd8+.} Rxb4 41. Qa8+ Kg7 42. Qxa6 Qxa6 43. Rxa6 Rxf4 44. Rc6 h5 45. Rf1 Rxf1+ 46. Kxf1 {[%emt 0:00:04][%mdl 4096] Endgame. KR-KP} g5 47. Kg2 (47. Rxc5 f6 48. Kf2 h4 $18) 47... f5 48. Rxc5 {[%emt 0:05:49] KR-K3P} Kf6 49. Rc6+ Kg7 50. Ra6 h4 51. Kf3 h3 52. Rb6 g4+ 53. Kg3 Kf7 54. Kf4 Kg7 55. Ra6 (55. Kxf5 h2 56. Rb7+ (56. Kxg4 $2 h1=Q $19) 56... Kh6 57. Rb6+ (57. Kxg4 $2 h1=Q $19) 57... Kg7 58. Rb7+ (58. Kxg4 $2 h1=Q $19) 58... Kf8 $11) 55... Kf7 56. Ra5 (56. Kxf5 h2 57. Ra7+ (57. Kxg4 h1=Q $19) 57... Ke8 $11) 56... Kg6 57. Rb5 (57. Rxf5 $2 h2 58. Rg5+ (58. Kxg4 h1=Q $19) 58... Kh6 $19) 57... Kh6 58. Rb8 (58. Kxf5 g3 59. Kg4 h2 60. Rh5+ (60. Kxg3 $2 h1=Q $19) 60... Kg6 61. Kxg3 Kxh5 62. Kxh2 $11) 58... Kg7 59. Ra8 (59. Kxf5 g3 60. Rb7+ Kf8 $11) 59... Kf7 60. Rh8 $2 (60. Kxf5 h2 61. Ra7+ (61. Kxg4 h1=Q $19) 61... Ke8 $11) (60. Kg3 Kg6 61. Rg8+ Kh6 62. Kf2 Kh5 63. Ke3 (63. Kg3 Kh6 $18) 63... Kh6 64. Ke2 Kh5 65. Kf2) 60... Kg7 61. Rh5 Kg6 62. Rh4 (62. Rxf5 h2 63. Rg5+ (63. Kxg4 h1=Q $19) 63... Kh6 $19) 62... Kf6 63. Rh7 Kg6 64. Rh8 $2 (64. Rb7 {mates} Kh6 65. Kg3 (65. Kxf5 h2 $11) 65... Kg6 66. Rb1 Kf7 67. Rb7+ Kg6 68. Rb6+ Kf7 69. Ra6) 64... Kg7 65. Rc8 Kf7 66. Rd8 (66. Kxf5 g3 67. Rc7+ Kf8 $11) 66... Kg7 67. Rd2 (67. Kxf5 g3 68. Rd7+ Kf8 $11) 67... Kf6 68. Rc2 Kg6 69. Rc5 Kh6 70. Ra5 (70. Kxf5 h2 71. Rc1 (71. Kxg4 $2 h1=Q $19) 71... g3 $11) 70... Kg6 $1 71. Ra6+ $2 (71. Rxf5 $2 h2 72. Rg5+ (72. Kxg4 h1=Q $19) 72... Kh6 $19) (71. Ra4 $18) 71... Kg7 $2 (71... Kf7 $11 {and Black stays safe.}) 72. Kg3 (72. Kxf5 h2 73. Ra7+ (73. Kxg4 $2 h1=Q $19) 73... Kg8 74. Ra8+ (74. Kxg4 $2 h1=Q $19) 74... Kg7 75. Ra7+ (75. Kxg4 $2 h1=Q $19) 75... Kf8 $11) 72... Kf7 73. Kh4 Kg7 74. Rc6 Kf7 75. Rc8 Kg7 76. Kg3 Kf7 77. Rd8 Kg7 78. Kf4 Kf7 79. Rd1 ({Stronger than} 79. Kxf5 g3 80. Rd7+ Ke8 $11) 79... Kf6 80. Kg3 Kg5 $2 (80... Kg6 $18 81. Rd7 Kf6) 81. Rd6 $1 {[%emt 0:00:26] White mates.} f4+ 82. Kh2 Kh4 {[%emt 0:01:22] [#]} 83. Rh6+ $1 Kg5 84. Rh8 Kg6 85. Rf8 Kg5 86. Rf7 f3 87. Kg3 Kg6 88. Rf4 Kh5 89. Rxg4 f2 {[%emt 0:00:15] [#]} 90. Rf4 $1 {[%emt 0:00:00] Weighted Error Value: White=0.25 (precise) /Black=0.14 (very precise) .  Loses game:     	---       	Black=2      Missed win:     	White=1     	---        Mistake:       	White=3     	Black=2      Inaccurate:     	White=2     	Black=2      OK:         	White=24    	Black=15     Best:        	---       	Black=21     Strong:       	White=1     	Black=2} (90. Kxh3 f1=Q+ (90... f1=B+ 91. Kg3 $11) 91. Rg2 Qf3+ 92. Kh2 Qe4 93. Rg3 Kh4 94. Rh3+ Kg4 95. Rg3+ Kf4 96. Rh3 Qd5 97. Rg3 Qe5 98. Rg2 Kf3+ 99. Kg1 Qa1+ 100. Kh2 Qe1 101. Ra2 Qh4+ 102. Kg1 Qd4+ 103. Kh2 Qh8+ 104. Kg1 Qg8+ 105. Kh2 Qxa2+ 106. Kh3 Qg2+ 107. Kh4 Qg4#) 1-0

[Event "Czech Championship 2024"]
[Site "Ostrava"]
[Date "2024.05.04"]
[Round "8.3"]
[White "Neuman, Petr"]
[Black "Stocek, Jiri"]
[Result "0-1"]
[ECO "E06"]
[WhiteElo "2429"]
[BlackElo "2531"]
[Annotator "TA"]
[PlyCount "84"]
[EventDate "2024.04.25"]
[EventType "tourn"]
[EventCountry "CZE"]
[SourceTitle "playchess.com"]
[Source "ChessBase"]
[SourceQuality "1"]
[TimeControl "40/5400+30:1800+30"]

1. Nf3 Nf6 2. c4 e6 3. g3 d5 4. Bg2 Be7 5. O-O O-O 6. d4 a5 7. Nc3 c6 8. b3 b6 9. Ne5 {[%emt 0:23:02] The position is equal.} Ba6 10. e4 Bb4 11. Bb2 Bxc3 12. Bxc3 Nxe4 13. Bxe4 dxe4 14. Qg4 f5 15. Qe2 b5 16. f3 Nd7 $1 {[%emt 0:05:00] Strongly threatening ...Nxe5.} 17. Bxa5 Qxa5 18. Nxd7 bxc4 19. bxc4 (19. Nxf8 $2 cxb3 20. axb3 Bxe2 $19) (19. Qe3 $15 Rfe8 20. Nc5) 19... Rfd8 $17 20. Nc5 Qc3 21. Nxa6 Rxa6 22. Rad1 e3 ({Much weaker is} 22... Rxd4 $6 23. fxe4 Qxc4 (23... fxe4 $2 24. Qf2 $18) 24. Qxc4 Rxc4 25. exf5 exf5 26. Rxf5 $11) (22... Rb8 $1 $17 23. d5 exd5 24. cxd5 Ra7) 23. Rd3 (23. d5 $1 $11) 23... Qxc4 {[%emt 0:05:16] Black has more active pieces.} 24. Rxe3 Qxd4 ({Don't play} 24... Qxa2 25. Rf2 Qxe2 26. Rfxe2 $11) ({Reject} 24... Rxd4 $6 25. Rxe6 Qxe2 26. Rxe2 $11) 25. Rf2 {[%emt 0:01:50][%cal Oe3e6] [#]} Rxa2 $3 26. Qxa2 Qxe3 $19 {[%emt 0:00:05][%mdl 4096] Endgame. KQR-KQR} 27. Kg2 Qe5 28. Qa6 Qb5 29. Qa7 Qb8 30. Qa6 Qc8 31. Qb6 h6 32. h4 Rd5 33. Rc2 c5 34. Ra2 Kh7 35. Ra7 Qe8 {[%emt 0:01:43] Prevents Re7.} 36. Kh3 Rd3 37. Qb7 (37. Kg2 $142) 37... Qf8 (37... Qg6 $142 {[%cal Of5f4] ...f4! is the strong threat.} 38. Ra4 Qf6) 38. Qc6 {[%emt 0:02:57] [#]} Qd6 (38... Qf6 $1 $19 {[%cal Rf6d4] White must now prevent ...Qd4.} 39. Ra8 Qf7 40. Qxc5 Rxf3) 39. Qb7 $2 {[%emt 0:04:43][%mdl 8192] Now White is beyond hope.} (39. Qxd6 $17 Rxd6 40. Rc7) 39... Qd4 {[%emt 0:00:31] ...c4 would now be deadly.} 40. h5 {[%emt 0:01:17] [#]} Rd1 $1 41. f4 Rg1 {[%emt 0:09:09] ( -> ...Qc3)} 42. Qc6 Qc3 {[%emt 0:01:21] Weighted Error Value: White=0.56/Black=0.14 (very precise) .  Loses game:     	White=1     	---        Mistake:       	White=3     	Black=3      Inaccurate:     	White=2     	---        OK:         	White=10    	Black=18     Best:        	White=2     	Black=2      Strong:       	---       	Black=1      Brilliant:      	---       	Black=1} 0-1

[Event "Czech Championship 2024"]
[Site "Ostrava"]
[Date "2024.05.04"]
[Round "8.4"]
[White "Nemec, Jachym"]
[Black "Jirovsky, Milos"]
[Result "1-0"]
[ECO "A07"]
[WhiteElo "2416"]
[BlackElo "2450"]
[Annotator "TA"]
[PlyCount "81"]
[EventDate "2024.04.25"]
[EventType "tourn"]
[EventCountry "CZE"]
[SourceTitle "playchess.com"]
[Source "ChessBase"]
[SourceQuality "1"]
[TimeControl "40/5400+30:1800+30"]

1. Nf3 d5 2. g3 Nf6 3. Bg2 Bg4 4. O-O Nbd7 5. d3 e5 6. h3 Bxf3 7. Bxf3 c6 8. Bg2 {[%emt 0:05:33] The position is equal.} Bc5 9. Nd2 O-O 10. c4 dxc4 (10... d4 $11) 11. Nxc4 $14 Re8 12. Qc2 Qe7 13. e3 Nb6 14. b3 Nxc4 15. bxc4 Rad8 16. Rb1 Rd6 17. Rd1 h5 18. Bb2 Qd7 19. Qe2 Qf5 20. Bc3 Re7 21. Rd2 Qg6 22. Rbd1 b5 {[%emt 0:13:49] White now steadily converts the win.} ({Black should play} 22... Rdd7 $14) 23. cxb5 $16 cxb5 24. Rc2 Nd7 (24... Ree6 $16 {was worth a try.}) 25. h4 f5 (25... Ba3 $16 26. Ba5 Nf6 27. Rc8+ Kh7) 26. Bb2 {[%emt 0:04:12] A strong pair of Bishops.} Qf7 (26... b4 $142 27. Rc4 Bb6) 27. Rdc1 $18 Bb4 28. Rc8+ Kh7 29. a3 Ba5 30. R1c6 {[%emt 0:03:23] Wards off Bb6} Nb6 31. Rxd6 Nxc8 32. Rd5 Qe8 33. d4 a6 $2 {[%emt 0:01:24] [#]} (33... Bc7 34. Rxb5 exd4 35. Bxd4 (35. Rxf5 g6 $18) 35... g6) 34. Rxe5 Rxe5 35. dxe5 Nb6 36. Bd4 Nc4 37. f4 g6 $2 (37... Nd2 38. e6 Kg6) 38. e4 {[%emt 0:01:12][%cal Be3e4,Be4f5][%mdl 32] [#] Threatens to win with exf5.} Qd8 39. Bf2 {[%emt 0:01:15] aiming for exf5.} Bb6 $2 (39... fxe4 {is a better defense.} 40. Bxe4 Kg7) 40. exf5 Bxf2+ 41. Qxf2 {[%emt 0:31:07] Weighted Error Value: White=0.27 (precise) /Black=0.51.  Mistake:       	---       	Black=8      Inaccurate:     	White=3     	Black=3      OK:         	White=13    	Black=10     Best:        	White=1     	Black=1} ({Weaker is} 41. Kxf2 Qd4+ 42. Kf1 Ne3+ 43. Kg1 Ng4+ 44. Kf1 (44. Kh1 Nf2+ 45. Kg1 Ng4+ 46. Kf1 Ne3+ 47. Kg1 Ng4+ $11) 44... Ne3+ 45. Kg1 Ng4+ 46. Kh1 Nf2+ 47. Kh2 (47. Kg1 Ng4+ $11) 47... Ng4+ 48. Kh1 Nf2+ 49. Kh2 (49. Kg1 Ng4+ $11) 49... Ng4+ 50. Kh1 $11) 1-0

[Event "Czech Championship 2024"]
[Site "Ostrava"]
[Date "2024.05.04"]
[Round "8.5"]
[White "Stalmach, Richard"]
[Black "Finek, Vaclav"]
[Result "1-0"]
[ECO "D52"]
[WhiteElo "2446"]
[BlackElo "2431"]
[Annotator "TA"]
[PlyCount "89"]
[EventDate "2024.04.25"]
[EventType "tourn"]
[EventCountry "CZE"]
[SourceTitle "playchess.com"]
[Source "ChessBase"]
[SourceQuality "1"]
[TimeControl "40/5400+30:1800+30"]

1. Nf3 Nf6 2. c4 c6 3. Nc3 d5 4. d4 e6 5. Bg5 Nbd7 6. e3 Qa5 7. cxd5 Nxd5 8. Qd2 Bb4 9. Rc1 Nxc3 10. bxc3 Ba3 11. Rb1 h6 {[%emt 0:04:34] The position is equal.} 12. Bh4 b6 13. Qd3 Be7 14. Bxe7 Kxe7 15. Be2 Bb7 16. O-O c5 17. c4 Rhe8 18. Rb5 Qa4 ({Better is} 18... Qxa2 $11 19. Re1 Rac8) 19. Rfb1 (19. dxc5 $14 Nxc5 20. Rxc5 bxc5 21. Ne5) 19... Red8 20. Bd1 Qa6 21. d5 {[%emt 0:07:58] Repels Bc6} exd5 22. cxd5 Nf6 $1 23. e4 $36 {[%emt 0:00:46][%mdl 2048] aiming for Ne5. White has the initiative.} Bc6 {[%emt 0:35:30] [#]} (23... Qxa2 $6 24. R5b2 Qa5 25. Qc2 $16) 24. a4 Bxb5 25. axb5 Qb7 {[%emt 0:00:00] A mistake that costs the game.} (25... c4 $11 {and Black has nothing to worry.} 26. Qc2 Qa3 27. d6+ Qxd6 (27... Kxd6 28. e5+ Ke7 29. exf6+ gxf6 30. Be2 $18)) 26. Ne5 $18 {[%emt 0:02:37] And now Nc6+ would win.} Kf8 27. Nc6 Nxe4 28. Qxe4 {[%emt 0:04:06][%cal Oe4h7] Black is weak on the light squares} Re8 29. Ne5 f6 $2 {[%emt 0:00:00] [#]} (29... Rad8) 30. f4 $1 fxe5 (30... c4 31. Qf5) 31. fxe5 Kg8 (31... g6 $142 32. Bc2 (32. Qxg6 Qg7 $16) 32... Qg7) 32. Bc2 (32. Bb3 $142 {d6+ is the strong threat.} c4 33. Bxc4) 32... g5 33. e6 Rad8 34. Rd1 Kh8 35. h4 {[%emt 0:02:31] Black must now prevent hxg5.} gxh4 36. Qxh4 Qg7 37. d6 Rg8 38. Qe4 {[%emt 0:00:06] Threatening mate with e7.} Rde8 39. e7 {[%emt 0:01:17] White mates.} Qf7 {[%emt 0:01:05] Wards off Bb3} 40. Rf1 Qg7 {[%emt 0:00:07] [#]} 41. Rf6 $3 c4 {[%emt 0:30:09] [#]} (41... a5 42. bxa6) 42. Kh1 $1 a6 (42... Qxg2+ 43. Qxg2) 43. bxa6 b5 {[%emt 0:00:00][%cal Bb6b5,Bb5b4][%mdl 32] [#]} 44. g4 $1 b4 (44... Rxe7 45. dxe7) 45. Qe6 {[%emt 0:00:00] Weighted Error Value: White=0.17 (very precise) /Black=0.51.  Loses game:     	---       	Black=1      Mistake:       	White=2     	Black=3      Inaccurate:     	White=1     	Black=2      OK:         	White=8     	Black=10     Best:        	White=5     	Black=2      Strong:       	White=1     	Black=1} 1-0